[Event "*** Titled Tuesday Blitz"]
[Site "Chess.com"]
[Date "2020.05.26"]
[Round "5"]
[White "korbul"]
[Black "abhidabhi"]
[Result "1-0"]
[WhiteElo "2590"]
[BlackElo "2720"]
[TimeControl "180+1"]
[EndTime "10:55:33 PDT"]
[Termination "korbul won by resignation"]

1. d4 Nf6 2. c4 g6 3. Nc3 d5 4. cxd5 Nxd5 5. Bd2 Bg7 6. e4 Nb6 7. Be3 O-O 8. h3 e5 9. dxe5 Qxd1+ 10. Rxd1 Bxe5 11.
Nf3 Bg7 12. Be2 Nc6 13. O-O Be6 14. Bb5 Bc4 15. Bxc4 Nxc4 16. Bc1 Rad8 17. Nd5 Nxb2 18. Bxb2 Bxb2 19. Rb1 Bg7 20. Rxb7 f5 21. Ng5 fxe4 22. Nxc7 Rd7 23. Rfb1 Bd4 24. Nce6 Bxf2+ 25. Kh2 Rfd8 26.
Nxd8 Rxd8 27. Nxe4 Bd4 28. h4 Be5+ 29. Kh3 Rd3+ 30. g3 Re3 31. Rc1 1-0

[Event "*** Titled Tuesday Blitz"]
[Site "Chess.com"]
[Date "2020.05.26"]
[Round "5"]
[White "vaishali2001"]
[Black "zajka-molotok"]
[Result "0-1"]
[WhiteElo "2604"]
[BlackElo "2377"]
[TimeControl "180+1"]
[EndTime "10:55:33 PDT"]
[Termination "zajka-molotok won by resignation"]

1. Nf3 d5 2. g3 Nf6 3. Bg2 Bf5 4.
O-O e6 5. d3 h6 6. c4 c6 7.
cxd5 exd5 8. Nc3 Be7 9. Nd4 Bh7 10. e4 O-O 11. Re1 dxe4 12. dxe4 Bc5 13. Be3 Nbd7 14.
f4 Bb4 15. Bf2 Re8 16. e5 Nd5 17. Qb3 Nc5 18. Qd1 Nd3 19. Nxd5 Nxf2 20. Kxf2 Bxe1+ 21. Qxe1 cxd5 22. Qb4 Be4 23. Re1 Bxg2 24. Kxg2 Qb6 25. Qxb6 axb6 26. a3 Rac8 27. Re4 dxe4 0-1

[Event "*** Titled Tuesday Blitz"]
[Site "Chess.com"]
[Date "2020.05.26"]
[Round "5"]
[White "Bhagya_2312"]
[Black "Nastya_Rakhmangulova"]
[Result "0-1"]
[WhiteElo "2111"]
[BlackElo "2311"]
[TimeControl "180+1"]
[EndTime "10:55:33 PDT"]
[Termination "Nastya_Rakhmangulova won by resignation"]

1. e4 d5 2. exd5 Qxd5 3. Nc3 Qd6 4. d4 Nf6 5. Nf3 Bg4 6. Be2 Nc6 7. h3 Bh5 8. Nb5 Qd7 9. c4 a6 10. Nc3 Bxf3 11. Bxf3 O-O-O 12. d5 Ne5 13. Be2 e6 14. f4 Ng6 15. Be3 exd5 16. O-O d4 17. Qb3 Qe8 18. Bf2 dxc3 19. Bf3 c6 20. Rfe1 Be7 21. bxc3 Nxf4 22. Rab1 Qd7 23. Bb6 Nd3 24. Bxd8 Nxe1 25. Bxe7 Qxe7 26.
Bxc6 Qc5+ 27. Kf1 Qxc6 28. Kxe1 Re8+ 29. Kf2 Ne4+ 30. Kg1 Nd2 0-1

[Event "*** Titled Tuesday Blitz"]
[Site "Chess.com"]
[Date "2020.05.26"]
[Round "5"]
[White "GMartin_Petrov"]
[Black "miruna_daria28"]
[Result "1-0"]
[WhiteElo "2567"]
[BlackElo "2263"]
[TimeControl "180+1"]
[EndTime "10:55:34 PDT"]
[Termination "GMartin_Petrov won by resignation"]

1. e4 e6 2. d4 d5 3. Nd2 c5 4.
exd5 exd5 5. Ngf3 Nc6 6. Bb5 cxd4 7.
O-O Bd6 8. Nxd4 Ne7 9. N2b3 O-O 10. Bg5 f6 11. Bh4 Ne5 12. Re1 a6 13. Bf1 Bc7 14. Bg3 N7g6 15. Nc5 Re8 16. Qd2 b6 17. Nc6 Nxc6 18. Bxc7 Rxe1 19. Bxd8 Rxa1 20. Qxd5+ Kf8 21.
Qxc6 Bg4 22. Qxa8 Be2 23. Bc7+ Kf7 24. Qd5+ Kf8 25. Ne6+ Ke7 26. Bd6+ Ke8 27. Nxg7+ Kd7 28. Qe6+ Kc6 29. Bg3+ Kc5 30. Qxe2 1-0

[Event "*** Titled Tuesday Blitz"]
[Site "Chess.com"]
[Date "2020.05.26"]
[Round "5"]
[White "gena217"]
[Black "Koksik_13"]
[Result "1-0"]
[WhiteElo "2852"]
[BlackElo "2557"]
[TimeControl "180+1"]
[EndTime "10:55:35 PDT"]
[Termination "gena217 won on time"]

1. e4 e6 2. d4 d5 3. Nd2 Nf6 4.
e5 Nfd7 5. Bd3 c5 6. c3 Nc6 7. Ndf3 cxd4 8. cxd4 Bb4+ 9. Bd2 f6 10. exf6 Qxf6 11.
Ne2 h6 12. Bxb4 Nxb4 13. O-O O-O 14. a3 Nc6 15. Rc1 a6 16. Bb1 Rd8 17. Re1 Nf8 18. Qd2 Bd7 19. Nf4 Be8 20. Qe3 Bf7 21. Nd3 Nd7 22. h3 Rac8 23. Rc3 Na5 24. Rxc8 Rxc8 25. Nfe5 Nc4 26. Nxd7 Qe7 27. Qg3 Qxd7 28. Nc5 Qc7 29. Qd3 g6 30. Nxe6 Nxb2 31. Qe3 Qd6 32. Qxh6 Bxe6 33.
Qxg6+ Kf8 34. Qf6+ Kg8 35. Bf5 1-0

[Event "*** Titled Tuesday Blitz"]
[Site "Chess.com"]
[Date "2020.05.26"]
[Round "5"]
[White "gumimis"]
[Black "MarceloPlaya"]
[Result "0-1"]
[WhiteElo "2184"]
[BlackElo "2362"]
[TimeControl "180+1"]
[EndTime "10:55:35 PDT"]
[Termination "MarceloPlaya won by resignation"]

1. e4 e6 2. d4 d5 3. Nc3 Bb4 4. e5 c5 5. a3 Bxc3+ 6. bxc3 Ne7 7. Qg4 Qc7 8. Qxg7 Rg8 9. Qxh7 cxd4 10. Kd1 Nbc6 11. Nf3 dxc3 12. Bf4 Bd7 13. h4 O-O-O 14. Rh3 d4 15. Qxf7 Rdf8 16. Qh7 Rxf4 17. h5 Rff8 18. Qe4 Nf5 19. h6 Rh8 20. h7 Be8 21.
g4 Nfe7 22. Bc4 Nd5 23. Rb1 Rf4 24. Qd3 Nxe5 25. Nxe5 Qxe5 26. Bxd5 Qxd5 27. Rh6 Rxf2 28. Rb5 Bxb5 0-1

[Event "*** Titled Tuesday Blitz"]
[Site "Chess.com"]
[Date "2020.05.26"]
[Round "5"]
[White "Julianos82"]
[Black "ChessMavenYeti"]
[Result "1-0"]
[WhiteElo "2311"]
[BlackElo "2102"]
[TimeControl "180+1"]
[EndTime "10:55:35 PDT"]
[Termination "Julianos82 won by checkmate"]

1. d4 Nf6 2. Nf3 e6 3. Bg5 c5 4. e3 Nc6 5. c3 Be7 6. Nbd2 O-O 7. Bd3 d5 8. O-O b6 9. Ne5 Bb7 10. f4 Nd7 11. Bxh7+ Kxh7 12. Qh5+ Kg8 13. Rf3 Ncxe5 14. dxe5 f6 15. Rh3 fxg5 16. Qh7+ Kf7 17. Qh5+ Kg8 18. fxg5 Bxg5 19. Qh7+ Kf7 20. Rf1+ Ke8 21. Qg6+ Ke7 22.
Qxg7+ Ke8 23. Qg6+ Ke7 24. Rh7+ Rf7 25. Qxf7# 1-0

[Event "*** Titled Tuesday Blitz"]
[Site "Chess.com"]
[Date "2020.05.26"]
[Round "5"]
[White "tgpgoat"]
[Black "HrvojeZagreb"]
[Result "0-1"]
[WhiteElo "2058"]
[BlackElo "2172"]
[TimeControl "180+1"]
[EndTime "10:55:36 PDT"]
[Termination "HrvojeZagreb won by resignation"]

1. e4 e6 2. d4 d5 3. Nd2 dxe4 4. Nxe4 Nd7 5. Bg5 Ngf6 6. Bxf6 Nxf6 7. Bd3 c5 8. dxc5 Nxe4 9. Bxe4 Qxd1+ 10. Rxd1 Bxc5 11.
Nf3 Ke7 12. c3 a5 13. O-O Ra6 14. Rfe1 Rd6 15. Rxd6 Bxd6 16. Nd4 g6 17. Nb5 Bb8 18.
Bf3 Rd8 19. Nd4 Ba7 20. Nb5 Bb6 21. Rd1 Rxd1+ 22. Bxd1 Bd7 23. Na3 Bc6 24. Nc4 Bc7 25.
Ne3 f5 26. Kf1 Bxh2 27. g3 f4 28. gxf4 Bxf4 29. Nc4 Bc7 30. Be2 Kf6 31. b4 axb4 32. cxb4 h5 33. f3 g5 34. Nb2 h4 35. a4 h3 36. b5 Bd5 37. Nc4 h2 38. Kg2 g4 39.
Nd2 Bf4 40. Ne4+ Ke5 41. a5 gxf3+ 42. Bxf3 Bxe4 43. Bxe4 Kxe4 44. a6 bxa6 45. bxa6 Bb8 0-1

[Event "*** Titled Tuesday Blitz"]
[Site "Chess.com"]
[Date "2020.05.26"]
[Round "5"]
[White "ChristianAlm"]
[Black "Gennady_Kozlov"]
[Result "0-1"]
[WhiteElo "2393"]
[BlackElo "2559"]
[TimeControl "180+1"]
[EndTime "10:55:37 PDT"]
[Termination "Gennady_Kozlov won by resignation"]

1. d4 e6 2. e4 d5 3. Nc3 Nf6 4. Bg5 Be7 5. e5 Nfd7 6. h4 Nc6 7. Qg4 h5 8. Qf4 Nb6 9. Nf3 Bd7 10. Bd3 Bxg5 11.
hxg5 Qe7 12. g6 O-O-O 13. gxf7 Rdf8 14. Ng5 Nd8 15. Bg6 Rh6 16. Bxh5 Nxf7 17. Nxf7 Rxf7 18.
Qd2 Nc4 19. Qe2 Qg5 20. Rh3 Rf4 21. Nd1 Qxg2 22. Qf1 Re4+ 23. Ne3 Qg5 24. O-O-O Rxh5 25. Rxh5 Qxh5 26. Kb1 Nxe3 27. fxe3 Rxe3 28. Qf8+ Be8 29. Rf1 Rh3 30. a3 Rh1 31. Rxh1 Qxh1+ 32. Ka2 Qh5 33.
Qe7 Qf7 34. Qc5 b6 35. Qb4 Kb7 36. Qc3 a5 37. b3 g5 38. Kb2 Qf4 39. b4 axb4 40.
axb4 g4 41. Qb3 g3 42. b5 g2 43. Qa4 g1=Q 44. Qa6+ Kb8 0-1

[Event "*** Titled Tuesday Blitz"]
[Site "Chess.com"]
[Date "2020.05.26"]
[Round "5"]
[White "Lucas_Tomiello"]
[Black "Boudicca64"]
[Result "1-0"]
[WhiteElo "2290"]
[BlackElo "1987"]
[TimeControl "180+1"]
[EndTime "10:55:39 PDT"]
[Termination "Lucas_Tomiello won on time"]

1. e4 c5 2. Nf3 e6 3. d4 cxd4 4.
Nxd4 a6 5. Nc3 Qc7 6. Bd3 g6 7. O-O Bg7 8. Be3 Ne7 9. Qd2 O-O 10. Nb3 b5 11. Bh6 b4 12. Ne2 Nbc6 13. Ng3 d5 14. Bxg7 Kxg7 15. Rae1 f5 16. exf5 Nxf5 17. Nxf5+ exf5 18. c3 a5 19. Nd4 Nxd4 20. cxd4 Ba6 21. Re5 Bxd3 22. Qxd3 Rfe8 23. Rxd5 Rad8 24. Rxd8 Qxd8 25.
d5 Qd6 26. h4 Re5 27. Rd1 f4 28. Qf3 Rf5 29. a3 bxa3 30. Qxa3 1-0

[Event "*** Titled Tuesday Blitz"]
[Site "Chess.com"]
[Date "2020.05.26"]
[Round "5"]
[White "OK97"]
[Black "Rozum_Ivan"]
[Result "0-1"]
[WhiteElo "2775"]
[BlackElo "2625"]
[TimeControl "180+1"]
[EndTime "10:55:41 PDT"]
[Termination "Rozum_Ivan won on time"]

1. e4 c6 2. d4 d5 3. e5 Bf5 4. h4 h5 5. c4 e6 6. Nc3 Ne7 7. Nge2 dxc4 8. Ng3 Qd7 9. Bxc4 Bg6 10. Bg5 Na6 11.
O-O Nb4 12. Rc1 Nf5 13. Nxf5 Bxf5 14. a3 Nd5 15. Nxd5 exd5 16. Be2 Be7 17. Bxe7 Qxe7 18. Qb3 Qxh4 19. Qxb7 O-O 20. Qxc6 Qxd4 21. Bxh5 Qxe5 22. Bf3 Be6 23. b4 Rac8 24. Qa6 Rc7 25. Rxc7 Qxc7 26. Rd1 Rd8 27. Qd3 d4 28. Be4 Qe5 29. g3 g6 30.
Kg2 Kg7 31. Rh1 Rc8 32. Rh4 Rc3 33. Qe2 Bd5 34. f3 Re3 0-1

[Event "*** Titled Tuesday Blitz"]
[Site "Chess.com"]
[Date "2020.05.26"]
[Round "5"]
[White "JulAnt"]
[Black "malakismayil"]
[Result "0-1"]
[WhiteElo "2405"]
[BlackElo "2297"]
[TimeControl "180+1"]
[EndTime "10:55:41 PDT"]
[Termination "malakismayil won by resignation"]

1. e4 e5 2. Nf3 Nc6 3. Bb5 Bc5 4. O-O d6 5. c3 Bd7 6. d4 exd4 7. cxd4 Bb6 8. Nc3 Nge7 9. Be3 O-O 10. Re1 Ng6 11. h3 f6 12. Ne2 Nce7 13. Bc4+ Kh8 14.
Ng3 Qc8 15. Kh2 Be6 16. Bxe6 Qxe6 17. Qd2 Qf7 18. Rad1 h6 19. Nf5 Nxf5 20. exf5 Ne7 21. Bxh6 Nxf5 22. Bf4 Rae8 23. g4 Ne7 24. Bg3 Ng6 25.
a3 Qd5 26. Qd3 Qf7 27. Rxe8 Rxe8 28. Re1 Rxe1 29. Nxe1 Qe8 30. Nf3 d5 31. Nd2 c6 32.
Nf1 Qe4 33. Qd2 Qxd4 34. Qe2 Qe4 35. Qd2 Ne5 36. g5 Nf3+ 0-1

[Event "*** Titled Tuesday Blitz"]
[Site "Chess.com"]
[Date "2020.05.26"]
[Round "5"]
[White "suyu28"]
[Black "DivyaDeshmukh23"]
[Result "1-0"]
[WhiteElo "2614"]
[BlackElo "2435"]
[TimeControl "180+1"]
[EndTime "10:55:43 PDT"]
[Termination "suyu28 won on time"]

1. c4 e5 2. Nc3 Nf6 3. Nf3 Nc6 4. Qc2 Bb4 5. e3 O-O 6. Be2 d5 7. cxd5 Nxd5 8. a3 Be7 9. O-O Kh8 10. d3 f5 11. Bd2 Bf6 12. Rfd1 Be6 13. Na4 Bg8 14. Rac1 Nb6 15. Nc5 Rb8 16. Nxb7 Rxb7 17. Qxc6 Bd5 18. Qc2 e4 19. Ne1 Nd7 20. b4 Be5 21. Bc3 Bd6 22.
dxe4 Bxe4 23. Bd3 Qh4 24. g3 Qg4 25. Qe2 Qg5 26. Nf3 Qg4 27. Nd4 Qg6 28. Bb2 Ne5 29.
Bb1 f4 30. Bxe4 1-0

[Event "*** Titled Tuesday Blitz"]
[Site "Chess.com"]
[Date "2020.05.26"]
[Round "5"]
[White "EvgenyRomanov"]
[Black "IAgrest"]
[Result "1-0"]
[WhiteElo "2643"]
[BlackElo "2267"]
[TimeControl "180+1"]
[EndTime "10:55:43 PDT"]
[Termination "EvgenyRomanov won on time"]

1. e4 e5 2. Nf3 Nc6 3. Bc4 Nf6 4. d3 Bc5 5. O-O a6 6. Bg5 h6 7. Bxf6 Qxf6 8. Nc3 Ne7 9. d4 exd4 10. e5 Qg6 11.
Nxd4 O-O 12. Bd3 f5 13. Nb3 Ba7 14. Re1 b5 15. Qf3 Rb8 16. Nd5 Nxd5 17. Qxd5+ Kh8 18. Bf1 c6 19. Qd2 c5 20. Rad1 c4 21. Na5 Bb6 22. b4 cxb3 23. cxb3 Re8 24. Qb4 d5 25. exd6 Rxe1 26. Rxe1 Bd7 27. Re7 Rd8 28. Nb7 1-0

[Event "*** Titled Tuesday Blitz"]
[Site "Chess.com"]
[Date "2020.05.26"]
[Round "5"]
[White "NormWeinstein"]
[Black "tteshan"]
[Result "1-0"]
[WhiteElo "2352"]
[BlackElo "2176"]
[TimeControl "180+1"]
[EndTime "10:55:43 PDT"]
[Termination "NormWeinstein won by resignation"]

1. e4 c5 2. Nf3 d6 3. Nc3 Nc6 4. d4 cxd4 5. Nxd4 g6 6. Be3 Bg7 7. Bc4 Nf6 8. h3 O-O 9. Bb3 Bd7 10. O-O Rc8 11. Re1 a6 12. Qd2 Re8 13. Rad1 Ne5 14.
Bg5 Nc4 15. Bxc4 Rxc4 16. Nf3 b5 17. e5 b4 18. exf6 bxc3 19. Qd3 exf6 20. Rxe8+ Qxe8 21. Qxc4 fxg5 22. bxc3 Be6 23. Qxa6 Bxc3 24. Nxg5 Bf5 25. Qxd6 Bxc2 26. Qd8 Qxd8 27. Rxd8+ Kg7 28. Rc8 Bf6 29.
Rxc2 Bxg5 30. a4 Bd8 31. Rd2 Bc7 32. Rd7 Bb6 33. Rb7 Bd8 34. Rb5 Kf6 35. a5 1-0

[Event "*** Titled Tuesday Blitz"]
[Site "Chess.com"]
[Date "2020.05.26"]
[Round "5"]
[White "valeriocarnicelli"]
[Black "wannabe2700"]
[Result "1-0"]
[WhiteElo "2579"]
[BlackElo "2717"]
[TimeControl "180+1"]
[EndTime "10:55:44 PDT"]
[Termination "valeriocarnicelli won by checkmate"]

1. e4 e6 2. d4 d5 3. Nc3 Bb4 4.
e5 c5 5. a3 Ba5 6. b4 cxd4 7. Qg4 Kf8 8. bxa5 dxc3 9. a4 Nc6 10.
Ba3+ Nge7 11. Nf3 Kg8 12. Bd3 Qxa5 13. O-O Bd7 14. h4 h5 15. Qg5 Qd8 16. Qg3 Nf5 17.
Bxf5 exf5 18. Rab1 b6 19. Bd6 Rh6 20. Ng5 d4 21. Rfe1 Ne7 22. Qf3 Rc8 23. Qb7 Ng6 24. Nxf7 Qe8 25. Nxh6+ gxh6 26. e6 Bxa4 27. Ra1 Bc6 28.
Qxa7 Nxh4 29. Qf7+ Qxf7 30. exf7+ Kxf7 31. Ra7+ Kg8 32. Ree7 Ng6 33. Rg7+ Kh8 34. Rh7+ Kg8 35. Rag7# 1-0

[Event "*** Titled Tuesday Blitz"]
[Site "Chess.com"]
[Date "2020.05.26"]
[Round "5"]
[White "Belka1989"]
[Black "IriBu"]
[Result "0-1"]
[WhiteElo "2361"]
[BlackElo "2547"]
[TimeControl "180+1"]
[EndTime "10:55:44 PDT"]
[Termination "IriBu won by resignation"]

1. e4 Nf6 2. e5 Nd5 3. c4 Nb6 4.
a4 a5 5. Ra3 d6 6. exd6 exd6 7.
Rg3 g6 8. d4 Nc6 9. Nf3 Bg7 10.
Be2 Bf5 11. Nc3 O-O 12. h4 h5 13. Be3 Nb4 14. Kf1 c6 15. Qd2 d5 16. b3 Re8 17.
Ng5 Nc2 18. c5 Nd7 19. Kg1 Nf6 20. Bd1 Nxe3 21. fxe3 Qd7 22. Bc2 Bxc2 23. Qxc2 Ng4 24. Qd2 Re7 25. Rhh3 Rae8 26. Nd1 Bh6 27. Qd3 Kg7 28.
Nf3 Bxe3+ 29. Nxe3 Rxe3 30. Qd2 Qf5 0-1

[Event "*** Titled Tuesday Blitz"]
[Site "Chess.com"]
[Date "2020.05.26"]
[Round "5"]
[White "EndGameDestroyer"]
[Black "Gromes7"]
[Result "1-0"]
[WhiteElo "2277"]
[BlackElo "2002"]
[TimeControl "180+1"]
[EndTime "10:55:44 PDT"]
[Termination "EndGameDestroyer won by checkmate"]

1. e4 c5 2. f4 d6 3. Nf3 Nc6 4. Bb5 g6 5. c3 Bg7 6. Bxc6+ bxc6 7.
O-O Nf6 8. d3 O-O 9. Re1 Qc7 10.
c4 d5 11. Nc3 Bb7 12. e5 Nd7 13. e6 Nb6 14. exf7+ Rxf7 15. Ng5 Rf6 16. Ne6 Qd6 17. Nxg7 Kxg7 18. b3 Rd8 19. Bb2 Qxf4 20. Rxe7+ Kf8 21. Rxb7 Qf2+ 22. Kh1 Qxb2 23. Rc1 dxc4 24. bxc4 Rxd3 25. Qe1 Rxc3 26. Qe7+ Kg8 27. Qg7# 1-0

[Event "*** Titled Tuesday Blitz"]
[Site "Chess.com"]
[Date "2020.05.26"]
[Round "5"]
[White "zala02"]
[Black "Kildepiotr"]
[Result "0-1"]
[WhiteElo "2242"]
[BlackElo "2476"]
[TimeControl "180+1"]
[EndTime "10:55:45 PDT"]
[Termination "Kildepiotr won by resignation"]

1. d4 c5 2. d5 e5 3. c4 d6 4.
Nc3 Be7 5. e4 Bg5 6. g3 Bxc1 7.
Rxc1 Ne7 8. Bg2 O-O 9. Nge2 Nd7 10. O-O f5 11. f4 exf4 12. Nxf4 Ne5 13. b3 N7g6 14.
Ne6 Bxe6 15. dxe6 f4 16. Nd5 fxg3 17. hxg3 Qg5 18. e7 Nxe7 19. Nxe7+ Qxe7 20. Qd5+ Kh8 21. Rcd1 Rxf1+ 22. Kxf1 Rf8+ 23. Kg1 Qg5 24. Qxd6 Re8 25. Rf1 h6 26. Rf8+ Rxf8 27. Qxf8+ Kh7 28. Qf5+ Qxf5 29. exf5 b6 30. Be4 Kg8 31. Kg2 Kf7 32. Kf2 Kf6 33. Ke3 Kg5 34. Bb1 Kg4 35. Ke4 Nf3 36. Kd5 Kxg3 37.
Ke6 Ng5+ 38. Ke7 h5 39. Ke8 h4 40. Kf8 h3 41. Kxg7 h2 42. Kg6 h1=Q 43. Kxg5 Qxb1 0-1

[Event "*** Titled Tuesday Blitz"]
[Site "Chess.com"]
[Date "2020.05.26"]
[Round "5"]
[White "Manukyan_Artak"]
[Black "Shockerlover"]
[Result "1-0"]
[WhiteElo "2283"]
[BlackElo "1763"]
[TimeControl "180+1"]
[EndTime "10:55:45 PDT"]
[Termination "Manukyan_Artak won on time"]

1. e4 c5 2. Nf3 Nc6 3. c3 d5 4.
exd5 Qxd5 5. d4 cxd4 6. cxd4 Bg4 7. Be2 Nf6 8. Nc3 Qd7 9. d5 Bxf3 10. Bxf3 Nb4 11. O-O g6 12. Re1 Rd8 13. Bf4 Nbxd5 14. Nxd5 Nxd5 15. Be5 Rg8 16. Qb3 e6 17. Rad1 Be7 18.
Bxd5 exd5 19. Bf6 Qe6 20. Rxe6 fxe6 21. Bxe7 Kxe7 22. Qxb7+ Rd7 23. Qb4+ Kf6 24. Qf4+ Kg7 25. Qe5+ Kf7 26. Rd3 Ke7 27. Re3 Rd6 28. Qg5+ Kd7 29. Ra3 Rc8 30. Rxa7+ Kc6 31. Qc1+ Kb6 32. Qxc8 1-0

[Event "*** Titled Tuesday Blitz"]
[Site "Chess.com"]
[Date "2020.05.26"]
[Round "5"]
[White "TigrVShlyape"]
[Black "Alexander_Donchenko"]
[Result "1-0"]
[WhiteElo "2860"]
[BlackElo "2704"]
[TimeControl "180+1"]
[EndTime "10:55:47 PDT"]
[Termination "TigrVShlyape won by resignation"]

1. d4 Nf6 2. Nf3 d5 3. Bf4 c5 4. e3 Nc6 5. Nbd2 Qb6 6. dxc5 Qxb2 7. Rb1 Qc3 8. Bd3 g6 9. O-O Bg7 10.
Rb3 Qa5 11. c4 O-O 12. Qb1 Bg4 13. Rb5 Qa4 14. Rxb7 Bxf3 15. Nxf3 dxc4 16. Bc2 Qa5 17. Rd1 Qxc5 18. Rb5 Qa3 19. Nd2 e5 20. Nxc4 Qc3 21.
Nxe5 Nh5 22. Rd3 Nxf4 23. exf4 Nd4 24. Rxc3 Ne2+ 25. Kf1 Nxc3 26. Qb3 Nxb5 27. Qxb5 Rab8 28. Qd7 Rbd8 29. Qb7 a5 30. Bb3 Bxe5 31. fxe5 Rd2 32. g3 Kg7 33. e6 a4 34. Bxa4 Rxa2 35.
e7 Rxa4 36. Qb2+ Kg8 37. exf8=Q+ Kxf8 38. Qh8+ 1-0

[Event "*** Titled Tuesday Blitz"]
[Site "Chess.com"]
[Date "2020.05.26"]
[Round "5"]
[White "Swarajan"]
[Black "Playgood28"]
[Result "0-1"]
[WhiteElo "2031"]
[BlackElo "2298"]
[TimeControl "180+1"]
[EndTime "10:55:47 PDT"]
[Termination "Playgood28 won by resignation"]

1. d4 f5 2. c4 Nf6 3. Nf3 g6 4.
h4 d6 5. Nc3 Bg7 6. h5 Nxh5 7.
e4 fxe4 8. Rxh5 gxh5 9. Ng5 O-O 10. Qxh5 h6 11. Ngxe4 Nc6 12. Bxh6 Qe8 13. Qg5 Qf7 14. Be2 e5 15. Bh5 Qe7 16. Qg3 Kh8 17. Bxg7+ Qxg7 18. Qh4 Qh6 19. d5 Nd4 20. Ng5 Nc2+ 21.
Ke2 Nxa1 22. Nce4 Bf5 23. Ng3 Nc2 24. Qh1 Nd4+ 25. Ke1 Bh7 26. Qh4 Rf4 27. Qh3 Qxg5 28. Qh2 0-1

[Event "*** Titled Tuesday Blitz"]
[Site "Chess.com"]
[Date "2020.05.26"]
[Round "5"]
[White "NefeLV"]
[Black "rugbyclub"]
[Result "0-1"]
[WhiteElo "1785"]
[BlackElo "2095"]
[TimeControl "180+1"]
[EndTime "10:55:47 PDT"]
[Termination "rugbyclub won by resignation"]

1. c4 e5 2. d3 Nc6 3. Nc3 Bb4 4.
Bd2 f5 5. a3 Bxc3 6. Bxc3 Nf6 7. e3 O-O 8. Be2 d6 9. Nf3 a5 10. O-O a4 11. b4 axb3 12. Qxb3 Kh8 13. c5 Qe8 14. cxd6 cxd6 15. d4 e4 16. Ng5 d5 17.
Nh3 Ra7 18. Nf4 Ne7 19. Bb4 Rf7 20. Rfc1 Bd7 21. Rc7 Qd8 22. Rac1 Nc6 23. Nxd5 Be6 24. R7xc6 bxc6 25. Qc3 Bxd5 26. Qc5 Ra8 27. Rc2 g5 28.
Rc1 f4 29. exf4 gxf4 30. f3 e3 31. Bd3 Rg7 32. Kh1 Qg8 33. Rc2 Bxf3 34. Qe5 Rxg2 0-1

[Event "*** Titled Tuesday Blitz"]
[Site "Chess.com"]
[Date "2020.05.26"]
[Round "5"]
[White "Kavyev_Ruslan"]
[Black "smshk35"]
[Result "0-1"]
[WhiteElo "2484"]
[BlackElo "2318"]
[TimeControl "180+1"]
[EndTime "10:55:48 PDT"]
[Termination "smshk35 won by resignation"]

1. e4 c5 2. Nf3 e6 3. c3 d5 4. exd5 Qxd5 5. d4 cxd4 6. cxd4 Nf6 7. Nc3 Qd6 8. Be2 Be7 9. O-O O-O 10. h3 Nc6 11.
Be3 b6 12. Rc1 Bb7 13. Qa4 Nd5 14. Rfd1 Bf6 15. Ne4 Qb4 16. Nxf6+ Nxf6 17. Qxb4 Nxb4 18.
Rc7 Bxf3 19. Bxf3 Nbd5 20. Rc6 Rac8 21. Rdc1 Rxc6 22. Rxc6 Rd8 23. a3 Kf8 24. Kf1 Ke7 25. Ke2 Kd7 26. Rc1 Rc8 27. Rxc8 Kxc8 28. Bd2 g6 29. Kd3 Kc7 30. g4 Kd6 31. Bd1 h5 32. f4 hxg4 33. hxg4 Ne8 34. Bf3 f5 35. a4 Ng7 36. b3 fxg4 37. Bxg4 Nh5 38. Bxh5 gxh5 39. Ke4 Nf6+ 40. Kf3 Kd5 41. Be3 Ng4 42. Bg1 Nh6 43. Ke3 Nf5+ 44. Kd3 a6 45. Bf2 h4 46. Bg1 b5 47.
Bf2 h3 48. Bg1 Ng3 49. axb5 axb5 50. Ke3 h2 51. Bxh2 Nf1+ 52. Kf2 Nxh2 53. Kg3 Nf1+ 54. Kg4 Nd2 55. Kg5 Nxb3 56. Kf6 Nxd4 0-1

[Event "*** Titled Tuesday Blitz"]
[Site "Chess.com"]
[Date "2020.05.26"]
[Round "5"]
[White "Shield12"]
[Black "UCantHandleDenker"]
[Result "1-0"]
[WhiteElo "2806"]
[BlackElo "2453"]
[TimeControl "180+1"]
[EndTime "10:55:49 PDT"]
[Termination "Shield12 won by resignation"]

1. e4 d6 2. d4 Nf6 3. Nc3 e5 4. Nf3 Nbd7 5. Bc4 Be7 6. a4 O-O 7. O-O c6 8. h3 b6 9. d5 cxd5 10. Nxd5 Bb7 11. Re1 Rc8 12. b3 Nxd5 13. Bxd5 Bxd5 14.
exd5 f5 15. Bb2 a5 16. c4 Bf6 17. Qe2 Nc5 18. Qc2 Qd7 19. Rad1 Rce8 20. Bc3 g6 21. Re2 Qg7 22. Qb2 e4 23. Bxf6 Qxf6 24. Qxf6 Rxf6 25. Nd4 Kf7 26. f3 f4 27. fxe4 Rxe4 28. Rxe4 Nxe4 29.
Re1 Nc5 30. Re2 g5 31. Kf2 h5 32. Kf3 Nd3 33. Nc6 Nc5 34. Re7+ Kf8 35. Rh7 Nxb3 36.
Rxh5 Nd2+ 37. Kg4 Nxc4 38. Kxg5 Rf7 39. Kg6 Rg7+ 40. Kf6 Rxg2 41. Rf5 Ke8 42. Rxf4 Kd7 43. Rxc4 1-0

[Event "*** Titled Tuesday Blitz"]
[Site "Chess.com"]
[Date "2020.05.26"]
[Round "5"]
[White "Love_craft"]
[Black "Pavel_Mir"]
[Result "1-0"]
[WhiteElo "2479"]
[BlackElo "2229"]
[TimeControl "180+1"]
[EndTime "10:55:49 PDT"]
[Termination "Love_craft won by resignation"]

1. Nf3 g6 2. e4 Bg7 3. d4 d6 4.
Bc4 Nf6 5. Nc3 O-O 6. h3 Nxe4 7. Nxe4 d5 8. Bd3 dxe4 9. Bxe4 Nd7 10. O-O c5 11. c3 cxd4 12. Nxd4 Nc5 13. Bc2 e5 14.
Nb3 Ne6 15. Qxd8 Rxd8 16. Be3 f5 17. Rfd1 Bd7 18. Rd5 Bc6 19. Rxd8+ Rxd8 20. Bxa7 f4 21. Bb6 Ra8 22. Nc5 Bd5 23. Nxe6 Bxe6 24. a4 Kf7 25. Be4 h5 26. a5 Rb8 27. Bc7 Rc8 28. Bxb7 Rxc7 29.
a6 Bc8 30. Bd5+ Ke7 31. a7 1-0

[Event "*** Titled Tuesday Blitz"]
[Site "Chess.com"]
[Date "2020.05.26"]
[Round "5"]
[White "Spring199"]
[Black "2008king"]
[Result "0-1"]
[WhiteElo "2297"]
[BlackElo "2119"]
[TimeControl "180+1"]
[EndTime "10:55:50 PDT"]
[Termination "2008king won on time"]

1. d4 d5 2. c4 c6 3. cxd5 cxd5 4. Bf4 Nf6 5. Nc3 Nc6 6. e3 Bf5 7. Qb3 Na5 8. Qa4+ Bd7 9. Qc2 Rc8 10. Nf3 e6 11.
Bd3 Bb4 12. O-O Nc4 13. Rac1 O-O 14. Qb3 Bxc3 15. Rxc3 b5 16. Ne5 Nd2 17. Qc2 Nxf1 18. Kxf1 Rxc3 19. Qxc3 Qc8 20. Qb4 Qc1+ 21. Ke2 a5 22.
Qxa5 Qxb2+ 23. Kf3 h5 24. Qc7 Bc8 0-1

[Event "*** Titled Tuesday Blitz"]
[Site "Chess.com"]
[Date "2020.05.26"]
[Round "5"]
[White "BocharovD"]
[Black "LyonBeast"]
[Result "1/2-1/2"]
[WhiteElo "2834"]
[BlackElo "2961"]
[TimeControl "180+1"]
[EndTime "10:55:51 PDT"]
[Termination "Game drawn by repetition"]

1. c4 e5 2. d3 Nf6 3. Nf3 Nc6 4.
a3 g6 5. b4 Bg7 6. Bb2 d6 7.
Nc3 O-O 8. g3 a5 9. b5 Ne7 10.
Bg2 Rb8 11. O-O Nd7 12. e3 b6 13. Rc1 Bb7 14. d4 Nf5 15. Na4 exd4 16. Nxd4 Bxg2 17. Kxg2 Nxd4 18. Bxd4 Re8 19. Bxg7 Kxg7 20. Nc3 Nf6 21. Qf3 Re5 22. Nd5 h5 23. h3 Re6 24. Rfd1 Qd7 25.
Rd4 Rbe8 26. Rcd1 Ne4 27. Rxe4 Rxe4 28. Nf6 Qe6 29. Nxe8+ Qxe8 30. Rd4 Re5 31. a4 Qe6 32.
Qc6 Rc5 33. Qe4 Re5 34. Qc6 Rc5 35. Qe4 Re5 36. Qc6 1/2-1/2

[Event "*** Titled Tuesday Blitz"]
[Site "Chess.com"]
[Date "2020.05.26"]
[Round "5"]
[White "Bubachess1608"]
[Black "Kapibara_Warri0r"]
[Result "1-0"]
[WhiteElo "2304"]
[BlackElo "2079"]
[TimeControl "180+1"]
[EndTime "10:55:51 PDT"]
[Termination "Bubachess1608 won on time"]

1. e4 e5 2. Bc4 Nf6 3. d3 Be7 4. Nf3 Nc6 5. O-O O-O 6. Bb3 d6 7. h3 Kh8 8. Re1 Ng8 9. c3 f5 10. Nbd2 g5 11. exf5 Bxf5 12. Ne4 g4 13. Nfg5 d5 14.
hxg4 Bc8 15. Nxh7 dxe4 16. Nxf8 Qxf8 17. dxe4 Qg7 18. g5 Qh7 19. Bxg8 Qxg8 20. Qh5+ Kg7 21. Qh6+ Kf7 22. Re3 Be6 23. Rf3+ Ke8 24. g6 Kd7 25. Bg5 Bd6 26. g7 Bg4 27. Rg3 Be6 28. Rd1 Qf7 29. b3 Rg8 30. Be3 Kc8 31. c4 Nd4 32. Rd2 Bb4 33.
Rxd4 exd4 34. Bxd4 Bd6 35. Rf3 Qe7 36. c5 Bxc5 37.
Bxc5 Qxc5 38. Qxe6+ Kd8 39. Qxg8+ 1-0